[ AOE2 MATCH · #470334927 ]
1v1 RMMuisca vs Malay
Player's team · LOSS
Rival team · WIN
[ REPLAY ANALYSIS · EXTRACTED FROM THE RECORDED GAME ]
Feudal
10:08
Castle
14:04
Imperial
—
| APM avg | 28.3 |
| APM peak | 48 |
| eAPM avg | 19.5 |
| Villagers / military | 65 / 14 |
Focus
⚔️ 37.8% · 🌾 62.2%
Monk ×9 · Spearman ×5
Feudal
12:10
Castle
14:38
Imperial
23:19
| APM avg | 23.7 |
| APM peak | 55 |
| eAPM avg | 10.6 |
| Villagers / military | 47 / 26 |
Focus
⚔️ 18.7% · 🌾 81.3%
Karambit Warrior ×18 · Spearman ×3 · Trebuchet (Packed) ×3 · Monk ×2
Match map
Initial resources + every placement click. Lines = walls · curves = elevation contours. ◆ gold · ⬟ stone · ● berries · ✦ relic · ◌ wall gap
Your base· ✓ Closed at 14:04 · 0t walls · 3 gate(s)
紅蓮's base· ✓ Closed at 14:38 · 0t walls · 2 gate(s)
Smoothed initial terrain · ◌ = detected wall gap · hover for details
Inputs per minute
— aran1234 - - 紅蓮
Build order — aran1234
148 actions detected in the replay
| 0:01 | Create | Villager (Male) |
| 0:02 | Create | Villager (Male) |
| 0:02 | Create | Villager (Male) |
| 0:03 | Build | House |
| 0:04 | Build | House |
| 0:13 | Create | Villager (Male) |
| 1:03 | Build | Settlement |
| 1:29 | Create | Villager (Male) |
| 1:29 | Create | Villager (Male) |
| 2:03 | Create | Villager (Male) |
| 2:23 | Create | Villager (Male) |
| 2:55 | Create | Villager (Male) |
| 2:59 | Create | Villager (Male) |
| 2:59 | Create | Villager (Male) |
| 3:34 | Create | Villager (Male) |
| 3:35 | Create | Villager (Male) |
| 3:55 | Create | Villager (Male) |
| 3:55 | Create | Villager (Male) |
| 4:32 | Create | Villager (Male) |
| 4:32 | Create | Villager (Male) |
| 4:50 | Build | Settlement |
| 5:03 | Create | Villager (Male) |
| 5:08 | Create | Villager (Male) |
| 5:33 | Create | Villager (Male) |
| 5:55 | Create | Villager (Male) |
| 6:21 | Create | Villager (Male) |
| 6:21 | Create | Villager (Male) |
| 6:48 | Create | Villager (Male) |
| 7:57 | Research | Feudal Age |
| 8:40 | Build | House |
| 8:51 | Build | Farm |
| 8:54 | Build | Farm |
| 9:11 | Build | Farm |
| 10:01 | Create | Villager (Male) |
| 10:08 | Age | Feudal Age |
| 10:14 | Build | Market |
| 10:20 | Build | Blacksmith |
| 10:27 | Create | Villager (Male) |
| 10:36 | Build | Barracks |
| 10:59 | Create | Villager (Male) |
| 11:20 | Research | Castle Age |
| 11:37 | Research | Horse Collar |
| 11:40 | Build | Farm |
| 11:46 | Create | Spearman |
| 12:09 | Research | Double-Bit Axe |
| 12:36 | Create | Villager (Male) |
| 12:40 | Build | Farm |
| 12:52 | Build | House |
| 13:30 | Build | Settlement |
| 13:44 | Build | Farm |
| 14:04 | Age | Castle Age |
| 14:09 | Research | Bow Saw |
| 14:10 | Create | Villager (Male) |
| 14:18 | Create | Villager (Male) |
| 14:21 | Build | Town Center |
| 15:12 | Build | Town Center |
| 15:20 | Create | Villager (Male) |
| 15:23 | Research | Wheelbarrow |
| 15:30 | Create | Villager (Male) |
| 15:32 | Build | Farm |
| 15:37 | Build | Farm |
| 15:43 | Create | Villager (Male) |
| 15:58 | Create | Villager (Male) |
| 16:01 | Build | Farm |
| 16:02 | Build | Farm |
| 16:07 | Create | Villager (Male) |
| 16:26 | Build | Monastery |
| 16:30 | Create | Villager (Male) |
| 16:39 | Build | Farm |
| 16:53 | Build | Farm |
| 17:06 | Create | Monk |
| 17:11 | Build | Farm |
| 17:11 | Build | Farm |
| 17:19 | Create | Villager (Male) |
| 17:26 | Build | Farm |
| 17:30 | Create | Villager (Male) |
| 17:40 | Research | Gold Mining |
| 17:41 | Create | Villager (Male) |
| 17:55 | Build | Settlement |
| 18:01 | Create | Villager (Male) |
| 18:06 | Build | House |
| 18:08 | Build | House |
| 18:16 | Create | Villager (Male) |
| 18:19 | Create | Villager (Male) |
| 18:21 | Research | Loom |
| 18:23 | Research | Town Watch |
| 18:36 | Build | Outpost |
| 18:38 | Create | Villager (Male) |
| 18:46 | Create | Monk |
| 18:48 | Create | Villager (Male) |
| 18:50 | Build | House |
| 18:51 | Build | House |
| 19:01 | Create | Villager (Male) |
| 19:04 | Create | Spearman |
| 19:05 | Create | Spearman |
| 19:08 | Create | Villager (Male) |
| 19:11 | Create | Villager (Male) |
| 19:16 | Create | Villager (Male) |
| 19:18 | Create | Villager (Male) |
| 19:27 | Create | Monk |
| 19:34 | Create | Villager (Male) |
| 19:45 | Build | Monastery |
| 19:50 | Create | Villager (Male) |
| 19:59 | Build | Outpost |
| 20:07 | Build | Farm |
| 20:13 | Create | Villager (Male) |
| 20:15 | Create | Villager (Male) |
| 20:17 | Build | Farm |
| 20:18 | Build | Farm |
| 20:24 | Build | Farm |
| 20:31 | Build | House |
| 20:32 | Build | House |
| 20:45 | Create | Monk |
| 20:47 | Create | Villager (Male) |
| 20:57 | Create | Villager (Male) |
| 20:58 | Create | Villager (Male) |
| 21:01 | Build | Farm |
| 21:09 | Build | House |
| 21:12 | Create | Villager (Male) |
| 21:16 | Research | Sanctity |
| 21:27 | Build | Outpost |
| 21:28 | Create | Villager (Male) |
| 21:33 | Build | Outpost |
| 21:35 | Create | Villager (Male) |
| 21:40 | Build | Farm |
| 21:41 | Build | Farm |
| 21:50 | Research | Hand Cart |
| 22:29 | Build | Farm |
| 22:30 | Build | Farm |
| 22:30 | Build | Farm |
| 22:35 | Build | Farm |
| 22:46 | Research | Atonement |
| 22:48 | Create | Villager (Male) |
| 22:51 | Create | Villager (Male) |
| 23:14 | Create | Villager (Male) |
| 23:15 | Create | Villager (Male) |
| 23:37 | Build | Siege Workshop |
| 23:40 | Build | Farm |
| 24:12 | Research | Imperial Age |
| 24:23 | Create | Monk |
| 24:23 | Create | Monk |
| 24:24 | Create | Spearman |
| 24:24 | Create | Spearman |
| 25:05 | Create | Monk |
| 25:05 | Create | Monk |
| 25:05 | Create | Monk |
| 25:12 | Create | Villager (Male) |
| 25:12 | Create | Villager (Male) |
Build order — 紅蓮
130 actions detected in the replay
| 0:00 | Create | Villager (Male) |
| 0:01 | Create | Villager (Male) |
| 0:02 | Build | House |
| 0:04 | Build | House |
| 0:18 | Create | Villager (Male) |
| 0:19 | Create | Villager (Male) |
| 1:23 | Create | Villager (Male) |
| 1:51 | Build | Lumber Camp |
| 1:51 | Create | Villager (Male) |
| 2:23 | Create | Villager (Male) |
| 2:49 | Create | Villager (Male) |
| 2:50 | Create | Villager (Male) |
| 3:33 | Create | Villager (Male) |
| 3:38 | Build | House |
| 3:39 | Build | House |
| 3:41 | Build | House |
| 3:58 | Create | Villager (Male) |
| 4:21 | Build | Mill |
| 4:37 | Create | Villager (Male) |
| 4:38 | Create | Villager (Male) |
| 5:07 | Create | Villager (Male) |
| 5:24 | Build | Farm |
| 5:37 | Create | Villager (Male) |
| 5:46 | Create | Villager (Male) |
| 5:53 | Build | Farm |
| 6:14 | Create | Villager (Male) |
| 6:26 | Create | Villager (Male) |
| 6:27 | Create | Villager (Male) |
| 6:56 | Build | Farm |
| 7:15 | Create | Villager (Male) |
| 7:39 | Build | Farm |
| 7:46 | Create | Villager (Male) |
| 8:03 | Create | Villager (Male) |
| 8:13 | Create | Villager (Male) |
| 8:30 | Create | Villager (Male) |
| 8:30 | Create | Villager (Male) |
| 9:04 | Build | Mining Camp |
| 9:39 | Create | Villager (Male) |
| 9:44 | Build | Mining Camp |
| 10:05 | Research | Feudal Age |
| 10:06 | Create | Villager (Male) |
| 10:06 | Create | Villager (Male) |
| 10:12 | Build | House |
| 10:15 | Build | House |
| 12:10 | Age | Feudal Age |
| 12:13 | Build | Market |
| 12:15 | Build | Blacksmith |
| 12:44 | Build | Barracks |
| 12:51 | Research | Double-Bit Axe |
| 13:02 | Research | Castle Age |
| 13:36 | Build | Mill |
| 13:40 | Create | Villager (Male) |
| 13:47 | Research | Loom |
| 13:49 | Create | Villager (Male) |
| 13:50 | Create | Villager (Male) |
| 13:56 | Create | Spearman |
| 13:56 | Create | Spearman |
| 13:56 | Create | Spearman |
| 14:38 | Age | Castle Age |
| 14:48 | Create | Villager (Male) |
| 14:54 | Build | Mill |
| 15:05 | Create | Villager (Male) |
| 15:17 | Build | Castle |
| 15:19 | Create | Villager (Male) |
| 15:30 | Build | Monastery |
| 15:54 | Create | Villager (Male) |
| 16:10 | Build | Mill |
| 16:14 | Create | Monk |
| 16:18 | Build | Farm |
| 16:27 | Build | House |
| 16:49 | Create | Monk |
| 16:58 | Build | House |
| 17:27 | Create | Villager (Male) |
| 17:32 | Research | Gold Mining |
| 17:34 | Create | Villager (Male) |
| 17:38 | Build | Farm |
| 17:40 | Build | Farm |
| 17:47 | Create | Villager (Male) |
| 18:20 | Create | Villager (Male) |
| 18:28 | Create | Villager (Male) |
| 18:37 | Build | Farm |
| 18:59 | Build | Farm |
| 18:59 | Build | Farm |
| 19:00 | Build | Farm |
| 19:00 | Build | Farm |
| 19:35 | Create | Villager (Male) |
| 19:55 | Create | Villager (Male) |
| 20:09 | Create | Villager (Male) |
| 20:29 | Create | Villager (Male) |
| 20:34 | Build | Farm |
| 20:37 | Build | Farm |
| 20:40 | Build | Farm |
| 20:44 | Build | Farm |
| 20:57 | Build | Farm |
| 21:02 | Build | Farm |
| 21:08 | Build | Farm |
| 21:18 | Build | Farm |
| 21:25 | Research | Imperial Age |
| 21:25 | Research | Imperial Age |
| 21:36 | Build | Castle |
| 22:15 | Research | Bow Saw |
| 22:18 | Research | Forging |
| 22:29 | Research | Squires |
| 23:11 | Research | Wheelbarrow |
| 23:19 | Age | Imperial Age |
| 23:21 | Create | Trebuchet (Packed) |
| 23:26 | Create | Karambit Warrior |
| 23:28 | Create | Karambit Warrior |
| 23:32 | Research | Iron Casting |
| 23:58 | Create | Trebuchet (Packed) |
| 24:00 | Create | Karambit Warrior |
| 24:00 | Create | Karambit Warrior |
| 24:11 | Create | Villager (Male) |
| 24:12 | Create | Villager (Male) |
| 24:14 | Create | Karambit Warrior |
| 24:15 | Create | Karambit Warrior |
| 24:15 | Create | Karambit Warrior |
| 24:20 | Create | Karambit Warrior |
| 24:21 | Create | Karambit Warrior |
| 24:25 | Create | Karambit Warrior |
| 24:28 | Create | Karambit Warrior |
| 24:34 | Create | Karambit Warrior |
| 24:36 | Create | Karambit Warrior |
| 24:48 | Create | Trebuchet (Packed) |
| 25:03 | Create | Karambit Warrior |
| 25:03 | Create | Karambit Warrior |
| 25:04 | Create | Karambit Warrior |
| 25:05 | Create | Villager (Male) |
| 25:07 | Create | Karambit Warrior |
| 25:07 | Create | Karambit Warrior |
Match timeline
| 10:08 | aran1234 · age_up feudal |
| 10:36 | aran1234 · first_building Barracks |
| 12:10 | 紅蓮 · age_up feudal |
| 12:44 | 紅蓮 · first_building Barracks |
| 14:04 | aran1234 · age_up castle |
| 14:38 | 紅蓮 · age_up castle |
| 15:17 | 紅蓮 · first_building Castle |
| 15:30 | 紅蓮 · first_building Monastery |
| 16:26 | aran1234 · first_building Monastery |
| 23:19 | 紅蓮 · age_up imperial |
| 23:37 | aran1234 · first_building Siege Workshop |
| 24:04 | aran1234 · first_market_sell 100 wood |
| 25:16 | aran1234 · resign |
[ AI ANALYSIS · 1 CREDIT ]
What really happened in this match?
Wolo.gg analyzes every decision: build order, eco, micro, common mistakes by bracket. Personalized analysis on WhatsApp or Discord in 30 seconds.
Civ guide
Muisca
Map guide
Arena
Perfil
aran1234